 Dungeon Crawl Stone Soup version 0.30-a0-719-gcc4359ea44 (webtiles) character file.

Game seed: 18066548248068062619

11 MackTheKnife the Ducker (level 2, -6/15 HPs)
             Began as a Deep Elf Wanderer on Jan 26, 2023.
             Mangled by a gnoll
             ... wielding a +0 flail
              (8 damage)
             ... on level 1 of the Dungeon.
             The game lasted 00:00:59 (417 turns).

MackTheKnife the Ducker (Deep Elf Wanderer)          Turns: 417, Time: 00:00:59

Health: -6/15      AC:  3    Str:  7    XL:     2   Next: 17%
Magic:  6/6        EV: 13    Int: 16    God:
Gold:   35         SH:  0    Dex: 16    Spells: 4/4 levels left

rFire   . . .      SeeInvis .    a - +0 dagger {short}
rCold   . . .      Faith    .    (no shield)
rNeg    . . .      Spirit   .    e - +0 leather armour
rPois   .          Reflect  .    (no helmet)
rElec   .          Harm     .    (no cloak)
rCorr   .          Rampage  .    (no gloves)
Will    .....                    (no boots)
Stlth   ++                       (no amulet)
HPRegen 0.22/turn                (no ring)
MPRegen 0.10/turn                (no ring)

@: no status effects
A: no striking features
a: no special abilities


You were on level 1 of the Dungeon.
You visited 1 branch of the dungeon, and saw 1 of its levels.

You collected 35 gold pieces.


   Skills:
 - Level 1.0 Throwing
 + Level 5.2 Dodging
 + Level 2.2 Stealth
 - Level 1.5 Spellcasting
 - Level 2.4 Necromancy
 - Level 1.1 Evocations


You had 4 spell levels left.
You didn't know any spells.
Your spell library contained the following spells:

 Spells                   Type           Power      Damage    Failure   Level
 Sublimation of Blood     Necr           8%         N/A       19%         2
 Cigotuvi's Dreadful Rot  Necr/Pois/Air  6%         N/A       34%         2
 Dispel Undead            Necr           8%         3d8       77%         4
 Death Channel            Necr           4%         N/A       100%        6

Inventory:

Hand Weapons
 a - a +0 dagger (weapon) {short}
Missiles
 b - a throwing net (quivered) {=f!fthrowing}
Armour
 e - a +0 leather armour (worn)
Jewellery
 g - a ring of ice
   (You found it on level 1 of the Dungeon)
Scrolls
 d - a scroll of fog
Potions
 c - a potion of lignification {!q}
 h - a potion of mutation {unknown}

Dungeon Overview and Level Annotations

Branches:
Dungeon (1/15) Zot: 5579

Altars:

*,***#..........#....#......##.
*,,,............#....#.###.###.
***###..........#....#.###.# #.
#..........'....+...#.# #.
#..........#....#.#.#.# #.
*,........(.......#.#.# ##
**********##.###'#.#####.#.#.#
* ,,,,,,,,,,,#.*
#.#.........#.# *
**********,#,* #@#######.#.#.#
* *,*,* #g# #.#.#.# * *,*,* #.#
#.###.# * *,*,* #.# #.....# *
*****,*,* #.#*****#######***
*,,,,,*,* #..,,,,,,,,,,,,,,,
*,*****,* ###*******,*******
*,,,,,,,* *,* *******,* *,*


You could see a gnoll.


Message History

No target in view!
No target in view!
No target in view!
No target in view!
No target in view!
No target in view!
No target in view!
No target in view!
No target in view!
No target in view!
No target in view!
A ball python comes into view.
You see here a ball python corpse.
A ball python is nearby!
A ball python is nearby!
A ball python is nearby!
The ball python hisses angrily.
You closely miss the ball python. The ball python barely misses you.
The ball python grabs you. The ball python constricts you.
You hit the ball python but do no damage.
The ball python bites you.
The ball python constricts you. 😕 HP[-2]
You take 2 damage, and now have 13/15 hp.
You hit the ball python but do no damage.
The ball python closely misses you. The ball python constricts you.
You hit the ball python. The ball python misses you.
The ball python constricts you.
You barely miss the ball python. The ball python barely misses you.
The ball python constricts you. The ball python closely misses you.
The ball python constricts you. 😕 HP[+1]
You barely miss the ball python. The ball python misses you.
The ball python constricts you.
You closely miss the ball python.
The ball python bites you but does no damage.
The ball python constricts you.
You hit the ball python but do no damage.
The ball python bites you.
The ball python constricts you. 😕 HP[-1]
You take 1 damage, and now have 13/15 hp.
You completely miss the ball python. The ball python barely misses you.
The ball python constricts you.
You closely miss the ball python. The ball python bites you.
The ball python constricts you. The ball python barely misses you.
The ball python constricts you. 😮 HP[-3]
You take 3 damage, and now have 10/15 hp.
You hit the ball python. The ball python closely misses you.
The ball python constricts you. 😮 HP[-1]
You take 1 damage, and now have 9/15 hp.
You hit the ball python.
You kill the ball python!
You see here a ball python corpse. 😮 HP[+1]
You start resting. 😎 HP[+5]
Your hp is fully restored (15).
Key pressed, stopping explore.
Found a stone staircase leading down.
i - 4 stones {throwing} You now have 35 gold pieces (gained 6).
You open the door.
There is an open door here.
As you open the door, it creaks loudly!
You hear a shout!
A gnoll comes into view. It is wielding a +0 flail.
Okay, then.
You drop 4 stones {throwing}.
There is an open door here.
You aren't carrying any items that you can evoke.
Unknown command.
Throw: 2 throwing nets {=f!fthrowing}
Press: ? - help, Q - select action Shift-Dir - straight line, f - gnoll
Aim: a gnoll, wielding a +0 flail (63% to hit)
You throw a throwing net {=f!fthrowing}.
The throwing net {=f!fthrowing} hits the gnoll.
The gnoll is caught in the net!
The gnoll struggles against the net.
You catch the helpless gnoll completely off-guard!
You puncture the gnoll!
The gnoll struggles against the net.
You hit the gnoll but do no damage.
The gnoll struggles against the net.
You hit the gnoll.
The gnoll struggles against the net.
The net rips apart, and the gnoll comes free!
You hit the gnoll but do no damage. The gnoll misses you.
You hit the gnoll but do no damage.
The gnoll hits you with a +0 flail. 😕 HP[-2]
You take 2 damage, and now have 13/15 hp.
You closely miss the gnoll. The gnoll hits you but does no damage.
You hit the gnoll but do no damage. The gnoll hits you with a +0 flail!
Ouch! That really hurt!
* * * LOW HITPOINT WARNING * * *
😱 HP[-11]
You take 11 damage, and now have 2/15 hp.
MASSIVE DAMAGE!! (PAUSE)
As you read the scroll labelled RIFITIPSIFYD, it crumbles to dust.
You feel aware of your surroundings.
It was a scroll of magic mapping.
The gnoll hits you with a +0 flail!
Ouch! That really hurt!
You die...

Skill      XL: |  1 |
---------------+----+-----
Dodging        | 5 |  5.2
Stealth        | 2 |  2.2
Throwing       | |  1.0
Spellcasting   | |  1.5
Necromancy     | |  2.4
Evocations     | |  1.1

Action                     || total
---------------------------++-------
  Melee: Dagger            ||    70
         Punch             ||     1
  Throw: Throwing net      ||     1
    Use: Scroll            ||     1
   Stab: Sleeping          ||     1
         Held in net/web   ||     1
 Armour: Leather armour    ||    18
  Dodge: Dodged            ||    49

Levels and vault maps discovered:
D:1:      reono_arrival_forest_river, layout_basic

Notes
Turn   | Place    | Note
-------+----------+-------------------------------------------
     0 | D:1      | MackTheKnife the Deep Elf Wanderer began the quest for the
                  | Orb.
     0 | D:1      | MackTheKnife set off with the following items: a +0 dagger
                  | {short}, 2 throwing nets {=f!fthrowing}, a potion of
                  | lignification {!q}, a scroll of fog, a +0 leather armour;
                  | and the following spells available to memorise: Sublimation
                  | of Blood, Cigotuvi's Dreadful Rot.
     0 | D:1      | Reached XP level 1. HP: 10/10 MP: 5/5
     0 | D:1      | magus.rc [v1.9.6]
    28 | D:1      | Reached skill level 5 in Dodging
    90 | D:1      | Reached skill level 2 in Stealth
   130 | D:1      | Reached XP level 2. HP: 10/15 MP: 6/6
   160 | D:1      | You pick up a book of Decay and begin reading...
   160 | D:1      | You add the spells Dispel Undead and Death Channel to your
                  | library.
   416 | D:1      | HP: 2/15 [gnoll/+0 flail (11)]
   417 | D:1      | Mangled by a gnoll

Vanquished Creatures
  2 bats (D:1)
  An endoplasm (D:1)
  2 giant cockroaches (D:1)
  2 hobgoblins (D:1)
  2 ball pythons (D:1)
  2 rats (D:1)
11 creatures vanquished.

Table legend:
 A = Non-vault XP
 B = Vault XP
 C = Vault XP percentage of total XP
 D = Non-vault monster count
 E = Vault monster count
 F = Vault count percentage of total count
                 A         B        C        D         E       F
            +---------+---------+-------+---------+---------+-------
      Total |      17 |       0 |   0.0 |      11 |       0 |   0.0
            +---------+---------+-------+---------+---------+-------
        D:1 |      17 |       0 |   0.0 |      11 |       0 |   0.0
            +---------+---------+-------+---------+---------+-------

Illustrated notes

Table legend:
 A = Kills in this place as a percentage of kills in entire the game.
 B = Kills by you in this place as a percentage of kills by you in the entire game.
 C = Kills by friends in this place as a percentage of kills by friends in the entire game.
 D = Other kills in this place as a percentage of other kills in the entire game.
 E = Experience gained in this place as a percentage of experience gained in the entire game.
 F = Experience gained in this place divided by the number of levels of this place that you have seen.
                   A       B       C       D       E      F
               +-------+-------+-------+-------+-------+----------------------
         Total | 100.0 | 100.0 |   N/A |   N/A | 100.0 |  17.0
       Dungeon | 100.0 | 100.0 |   N/A |   N/A | 100.0 |  17.0
               +-------+-------+-------+-------+-------+----------------------

Table legend: (Time is in decaauts)
 A = Elapsed time spent in this place.
 B = Non-inter-level travel time spent in this place.
 C = Inter-level travel time spent in this place.
 D = Time resting spent in this place.
 E = Time spent auto-exploring this place.
 F = Levels seen in this place.
 G = Mean time per level.
                   A        B        C        D        E       F      G
               +--------+--------+--------+--------+--------+-----+--------+
         Total |    419 |    419 |      0 |     27 |    253 |   1 |  419.0 |
       Dungeon |    419 |    419 |      0 |     27 |    253 |   1 |  419.0 |
               +--------+--------+--------+--------+--------+-----+--------+

Top non-repeatable levels by time:
     D:1: 419 daAuts
